Map: Acropolis LE

Players

puCK (Nina)

  • Race: Protoss Protoss
  • Spawn Location: 5:00

Vindicta - Winner!

  • Race: Terran Terran
  • Spawn Location: 11:00

VOD

Have the link to the VOD?

Description

Time

  • Played on: Sept. 6, 2019, 1 p.m.
  • Length: 14:11
Show
View Real Time Build Order
Export as new Build Order

puCK Protoss 

Build Orders: 1 Gate Expand, Double Forge, Phoenix Opening, Blink Stalkers 

Get SALT Encoding   

  12  0:00  Probe  
  13  0:12  Probe  
  14  0:18  Pylon  
  14  0:24  Probe  
  15  0:32  Probe  
  15  0:37  Gateway  
  15  0:40  Probe  
  16  0:48  Assimilator  
  17  0:51  Probe  
  18  1:03  Probe  
  19  1:15  Probe  
  20  1:24  Cybernetics Core  
  20  1:32  Nexus  
  20  1:37  Pylon  
  20  1:40  Probe  
  20  1:47  Assimilator  
  21  1:52  Probe, Adept  
  22  2:04  Warp Gate, Probe  
  25  2:13  Sentry  
  25  2:16  Probe  
  28  2:28  Probe  
  29  2:38  Stalker  
  29  2:44  Probe x2  
  33  2:56  Twilight Council, Probe x2  
  35  2:59  Phoenix  
  35  3:08  Probe x2, Stalker  
  35  3:10  Gateway  
  39  3:18  Probe  
  39  3:20  Probe  
  39  3:22  Blink  
  39  3:26  Probe  
  41  3:29  Probe, Assimilator  
  41  3:30  Pylon  
  43  3:35  Probe  
  43  3:37  Probe  
  44  3:45  Pylon  
  44  3:46  Probe  
  44  3:47  Probe  
  46  3:55  Probe  
  47  3:58  Probe  
  49  4:05  Probe  
  49  4:07  Nexus  
  50  4:11  Probe, Robotics Facility  
  51  4:18  Stalker x2  
  51  4:19  Probe  
  56  4:25  Gateway  
  56  4:32  Probe  
  56  4:33  Pylon  
  56  4:35  Forge  
  57  4:39  Forge  
  57  4:40  Probe  
  57  4:44  Probe  
  57  4:45  Pylon  
  59  4:46  Sentry  
  61  4:53  Probe  
  61  4:58  Protoss Ground Armor Level 1, Protoss Ground Weapons Level 1  
  61  4:59  Observer  
  59  5:03  Probe  
  61  5:07  Stalker  
  61  5:08  Probe  
  64  5:15  Probe  
  65  5:22  Gateway, Probe x2  
  65  5:23  Charge  
  65  5:25  Observer  
  68  5:29  Gateway  
  68  5:33  Probe  
  68  5:34  Gateway  
  69  5:37  Stalker  
  69  5:40  Probe x2  
  73  5:43  Gateway  
  73  5:47  Gateway  
  73  5:48  Probe  
  72  5:51  Probe  
  72  5:54  Probe  
  73  5:59  Probe  
  73  6:00  Pylon, Probe  
  73  6:04  Immortal  
  79  6:13  Sentry  
  79  6:15  Zealot x2  
  79  6:17  Probe  
  86  6:19  Zealot  
  86  6:24  Photon Cannon  
  89  6:26  Observer  
  89  6:27  Zealot  
  89  6:29  Probe  
  91  6:35  Stalker  
  91  6:36  Observer  
  91  6:37  Zealot x3  
  97  6:45  Nexus  
  98  6:47  Pylon  
  98  6:53  Probe x3  
  101  6:55  Assimilator  
  101  6:57  Assimilator  
  101  6:59  Pylon  
  101  7:00  Robotics Bay  
  101  7:03  Immortal  
  101  7:05  Probe  
  106  7:09  Photon Cannon  
  106  7:12  Zealot  
  106  7:14  Probe  
  109  7:17  Pylon  
  109  7:19  Pylon  
  109  7:21  Probe  
  109  7:22  Probe  
  111  7:24  Robotics Facility  
  111  7:26  Protoss Ground Armor Level 2, Protoss Ground Weapons Level 2  
  111  7:27  Probe  
  111  7:28  Assimilator  
  112  7:33  Probe  
  112  7:34  Zealot  
  112  7:35  Immortal, Zealot  
  117  7:41  Probe x2  
  123  7:49  Zealot x3  
  125  7:55  Zealot x3  
  120  7:59  Stalker  
  115  8:09  Stalker  
  111  8:18  Zealot x2  
  107  8:28  Pylon, Probe  
  107  8:30  Probe  
  109  8:35  Probe  
  110  8:43  Pylon  
  110  8:45  Colossus  
  110  8:46  Observer  
  110  8:48  Probe  
  117  8:52  Colossus  
  117  9:00  Pylon  
  117  9:01  Probe  
  124  9:05  Extended Thermal Lance  
  124  9:06  Pylon  
  124  9:13  Nexus  
  124  9:16  Pylon  
  124  9:18  Probe  
  124  9:20  Probe  
  125  9:25  Stalker  
  125  9:26  Stalker  
  128  9:31  Stalker x2  
  128  9:37  Stalker  
  134  9:39  Stalker  
  134  9:43  Disruptor  
  139  9:50  Stalker x2  
  128  10:01  Probe  
  128  10:03  Protoss Ground Weapons Level 3, Protoss Ground Armor Level 3  
  121  10:07  Stalker x4  
  121  10:10  Probe x2  
  121  10:13  Probe  
  132  10:22  Probe  
  132  10:25  Probe  
  132  10:26  Probe  
  132  10:27  Probe  
  136  10:34  Probe  
  137  10:37  Probe  
  137  10:38  Probe, Disruptor x2  
  137  10:40  Probe  
  137  10:41  Pylon  
  146  10:50  Probe x2  
  146  10:55  Gateway  
  146  10:56  Observer, Gateway, Probe  
  150  10:58  Stalker x2  
  150  11:00  Zealot x2  
  157  11:05  Warp Prism  
  157  11:13  Templar Archives  
  157  11:14  Photon Cannon, Probe  
  160  11:24  Probe x2  
  162  11:30  Nexus  
  162  11:32  Pylon  
  162  11:36  Pylon  
  162  11:37  Pylon  
  162  11:38  Pylon  
  162  11:40  Stalker x4  
  162  11:44  Pylon  
  166  12:03  Disruptor  
  134  12:11  Disruptor, Probe  
  116  12:17  Zealot x10  
  134  12:28  Assimilator  
  134  12:29  Assimilator  
  134  12:38  Pylon  
  134  12:39  Shield Battery, High Templar x3  
  134  12:40  Photon Cannon, High Templar x6  
  134  12:41  Shield Battery, High Templar  
  134  12:42  Photon Cannon  
  154  12:44  Archon x4  
  154  12:46  Archon  
  154  12:50  Disruptor  
  157  13:01  Disruptor  
  156  13:13  Probe  
  156  13:16  Zealot x6  
  156  13:17  Zealot x4  
  177  13:20  Probe  
  177  13:21  Disruptor, Probe x2  
  177  13:23  Shield Battery  
  177  13:24  Photon Cannon  
  177  13:25  Photon Cannon  
  183  13:34  Photon Cannon  
  183  13:40  Stalker x4  
  183  13:41  Zealot x4, Stalker x2  
  150  14:04  Zealot x4  
  150  14:07  Zealot x5  
Show
View Real Time Build Order
Export as new Build Order

Vindicta Terran - Winner!

Build Orders: Reaper Expand 

Get SALT Encoding   

  12  0:00  SCV  
  13  0:12  SCV  
  14  0:17  Supply Depot  
  14  0:25  SCV  
  15  0:38  SCV  
  15  0:39  Barracks  
  16  0:43  Refinery  
  16  0:50  SCV  
  17  1:02  SCV  
  18  1:15  SCV  
  19  1:26  Reaper  
  19  1:27  Orbital Command  
  20  1:41  Command Center  
  20  1:52  SCV  
  21  1:56  Supply Depot  
  21  1:59  Barracks Reactor  
  21  2:02  Refinery  
  21  2:04  SCV  
  22  2:17  SCV  
  22  2:20  Factory  
  23  2:29  SCV  
  24  2:35  Marine  
  25  2:40  Marine  
  25  2:41  SCV  
  27  2:52  Marine  
  27  2:53  SCV  
  27  2:55  Orbital Command  
  29  2:58  Marine  
  29  3:04  Widow Mine  
  29  3:05  SCV  
  33  3:06  Starport  
  33  3:10  Marine  
  34  3:16  Marine  
  35  3:20  SCV  
  35  3:21  SCV  
  37  3:27  Supply Depot  
  37  3:28  Widow Mine  
  37  3:32  SCV  
  37  3:33  Marine, SCV  
  42  3:35  Bunker  
  42  3:44  SCV  
  42  3:45  Medivac, SCV  
  46  3:48  Marine  
  46  3:49  Widow Mine  
  46  3:52  Marine  
  50  3:56  SCV  
  50  3:57  SCV  
  50  3:58  Supply Depot  
  35  4:02  Liberator  
  52  4:08  SCV  
  52  4:11  Factory Tech Lab  
  52  4:13  SCV  
  53  4:21  Supply Depot, SCV  
  57  4:25  SCV  
  57  4:27  Command Center  
  58  4:34  Siege Tank  
  58  4:37  Marine  
  62  4:42  Marine  
  62  4:43  SCV x2  
  65  4:46  Supply Depot  
  64  4:55  SCV x2  
  66  5:04  Barracks  
  66  5:05  Refinery, Barracks  
  66  5:06  Refinery  
  62  5:07  SCV x2  
  62  5:10  Supply Depot  
  62  5:16  Factory Reactor  
  62  5:19  Stimpack, SCV  
  62  5:20  Marauder, Engineering Bay  
  62  5:21  Engineering Bay, SCV  
  66  5:24  Starport Reactor  
  66  5:31  SCV  
  66  5:33  Supply Depot, SCV  
  68  5:38  Barracks  
  68  5:39  Barracks  
  68  5:43  Orbital Command, SCV  
  68  5:45  Marauder  
  71  5:51  SCV  
  71  5:53  Barracks Tech Lab  
  71  5:54  Widow Mine x2  
  71  5:55  Terran Infantry Weapons Level 1  
  76  5:58  Terran Infantry Armor Level 1  
  76  5:59  SCV  
  77  6:04  Medivac  
  77  6:05  Medivac  
  81  6:11  SCV x2  
  81  6:13  Marauder  
  81  6:17  Liberator  
  85  6:19  Widow Mine, Combat Shield  
  85  6:20  Orbital Command  
  85  6:24  Marine x2  
  85  6:25  Supply Depot  
  89  6:26  SCV x2  
  89  6:28  Barracks Reactor  
  89  6:31  Barracks Tech Lab  
  89  6:32  Marine  
  92  6:36  Marine  
  96  6:40  SCV x2  
  96  6:46  Missile Turret  
  98  6:47  Missile Turret  
  98  6:48  Missile Turret  
  98  6:50  SCV  
  98  6:52  Widow Mine, Marine, SCV  
  98  6:54  Concussive Shells  
  105  6:55  SCV  
  105  6:59  Marauder  
  105  7:00  Refinery  
  106  7:01  Refinery  
  106  7:04  Marine  
  106  7:05  Marauder  
  106  7:06  Marauder  
  106  7:07  SCV  
  113  7:09  Marine, SCV  
  113  7:13  Bunker  
  113  7:14  SCV  
  115  7:18  Armory  
  115  7:19  Marine x2  
  117  7:30  Supply Depot  
  117  7:31  Supply Depot  
  117  7:32  Supply Depot  
  117  7:37  Medivac x2, SCV x2, Marine x2  
  117  7:41  Ghost Academy  
  125  7:51  SCV x2, Marine x2  
  125  7:52  Widow Mine x2, Supply Depot  
  125  7:53  Marauder x2, SCV, Marine  
  125  7:58  Liberator x2, Marine  
  135  8:02  Marine  
  135  8:03  SCV x2  
  135  8:09  SCV, Marine  
  135  8:11  Terran Infantry Armor Level 2, Terran Infantry Weapons Level 2  
  139  8:13  Widow Mine  
  139  8:15  Marine  
  139  8:16  Marauder  
  139  8:19  Enhanced Shockwaves  
  143  8:22  Supply Depot  
  143  8:23  Marine  
  143  8:24  Marine  
  142  8:28  Widow Mine  
  142  8:30  Marine, SCV  
  142  8:38  Ghost, Command Center  
  142  8:39  Supply Depot  
  138  8:47  Ghost  
  140  8:48  Ghost, Missile Turret  
  140  8:51  Marine  
  144  8:56  Barracks  
  144  8:57  Barracks  
  144  9:00  Marine  
  144  9:01  Marine x2  
  146  9:07  Ghost  
  146  9:09  Marine  
  149  9:16  Marauder  
  151  9:17  Marine  
  151  9:19  Liberator  
  151  9:20  Widow Mine  
  151  9:21  Widow Mine  
  156  9:26  Liberator  
  156  9:29  Marine  
  156  9:31  SCV  
  159  9:32  Starport, Fusion Core  
  159  9:35  Ghost  
  159  9:36  Marauder  
  165  9:44  Marine  
  165  9:45  Marauder, Marine x2  
  171  9:49  Supply Depot  
  171  9:52  Marine  
  162  10:05  Barracks Tech Lab, Marauder, Ghost  
  162  10:06  Barracks Tech Lab  
  143  10:10  Marauder  
  140  10:17  Planetary Fortress  
  140  10:19  Viking  
  141  10:26  Viking  
  143  10:30  Starport Tech Lab  
  143  10:32  Marauder, Marine  
  143  10:35  Marauder x2  
  149  10:36  Terran Infantry Weapons Level 3  
  149  10:40  Refinery x2, Marine  
  149  10:41  Marauder, Marine x2  
  154  10:48  Viking  
  156  10:50  Viking, Marine  
  156  10:54  Marauder  
  156  10:56  Marauder  
  163  10:59  Marauder  
  163  11:01  Sensor Tower  
  163  11:02  Marauder x2, Marine x3  
  170  11:05  Sensor Tower  
  170  11:07  Marine  
  170  11:10  Viking  
  171  11:14  Marine  
  171  11:17  Terran Ship Weapons Level 1, Marine  
  173  11:19  Marine  
  173  11:20  Marauder, Marine x2  
  173  11:23  Marauder, Liberator  
  173  11:25  Marine  
  181  11:26  Viking, Missile Turret  
  184  11:33  Marauder  
  184  11:35  Marauder  
  184  11:38  Liberator, Marine  
  184  11:39  Marine x2  
  188  11:41  Marauder  
  188  11:42  Marine  
  188  11:43  Command Center, Marine x2  
  188  11:44  Marauder  
  195  11:54  Marauder  
  195  12:01  Viking  
  177  12:04  Marine x3  
  177  12:05  Marauder x2, Marine x2  
  177  12:06  Marine  
  160  12:13  Liberator  
  141  12:21  Advanced Ballistics  
  138  12:23  Medivac  
  138  12:24  Marauder, SCV, Marine x2  
  138  12:25  Marauder  
  138  12:26  Liberator  
  138  12:27  Ghost  
  149  12:31  Ghost  
  157  12:45  Ghost  
  159  12:52  Missile Turret  
  159  12:53  Liberator  
  159  12:54  SCV x2  
  159  12:55  Missile Turret  
  159  12:56  Ghost  
  165  13:02  Ghost  
  165  13:04  Supply Depot x2  
  167  13:09  Marine  
  167  13:10  Marine  
  167  13:14  Marauder, Planetary Fortress  
  167  13:17  Ghost  
  167  13:19  Marine  
  170  13:24  Ghost, Marine  
  176  13:38  Ghost  
  176  13:39  Marine x2  
  176  13:40  Marauder  
  186  13:51  Marine x2  
Tags
 
Add a new tag
Caveats
  • Supply blocks, unpowered buildings, or Contaminate may cause inaccurate times.
  • Supply counts are checked every 10 seconds.